 Dungeon Crawl Stone Soup version 0.31.0-11-ge490571c62 (webtiles) character file.

Game seed: 14744982167609494955

758 Doomgape the Ruffian (level 7, -6/71 HPs)
             Began as a Troll Berserker on Feb 7, 2024.
             Was a Follower of Okawaru.
             Mangled by a polar bear (23 damage)
             ... created by the rage of Trog
             ... on level 5 of the Dungeon.
             The game lasted 00:09:40 (3364 turns).

Doomgape the Ruffian (Troll Berserker)              Turns: 3364, Time: 00:09:40

Health: -6/71      AC:  7    Str: 28    XL:     7   Next: 50%
Magic:  4/6        EV: 14    Int:  6    God:    Okawaru [*.....]
Gold:   182        SH:  0    Dex: 15    Spells: 6/6 levels left

rFire   . .          .
                       - Unarmed
rCold   + . .        (no shield)
rNeg    . . .        b - +1 robe of Pragmatism {Int+3}
rPois   .            (helmet restricted)
rElec   .            h - +1 cloak
rCorr   .            (gloves unavailable)
SInv    .            (boots unavailable)
Will    .....        (no amulet)
Stlth   +++          j - +6 ring of dexterity
HPRegen 1.11/turn    g - ring of protection from cold
MPRegen 0.10/turn

%: no passive effects
@: heroic
A: large, unfitting armour, claws 3, regeneration 1, shaggy fur 1, tough skin 1
a: Renounce Religion, Heroism


You were on level 5 of the Dungeon.
You worshipped Okawaru.
Okawaru was aware of your devotion.
You visited 2 branches of the dungeon, and saw 6 of its levels.

You collected 182 gold pieces.

Inventory:

Missiles
 k - 5 javelins (quivered)
Armour
 b - the +1 robe of Pragmatism (worn) {Int+3}
   (You took it off an orc on level 3 of the Dungeon)

   Int+3:     It affects your intelligence (+3).
 h - a +1 cloak (worn)
Jewellery
 g - a ring of protection from cold (right claw)
 j - a +6 ring of dexterity (left claw)
Scrolls
 c - 2 scrolls of teleportation
 d - a scroll of enchant weapon
 i - 4 scrolls of identify
 n - 3 scrolls of vulnerability
Potions
 a - a potion of haste {unknown}
 e - a potion of curing
 f - a potion of heal wounds {unknown}
 l - a potion of lignification {unknown}
 m - a potion of attraction {unknown}


   Skills:
 + Level 4.7(9.7) Fighting
 + Level 4.6(9.6) Dodging
 + Level 5.6(10.6) Unarmed Combat


You had 6 spell levels left.
You didn't know any spells.
Your spell library contained the following spells:

 Spells                   Type           Power      Damage    Failure   Level
 Vhi's Electric Charge    Tloc/Air       0%         N/A       99%         4
 Arcjolt                  Conj/Air       0%         1d10      100%        5
 Maxwell's Capacitive Co  Air            0%         ∞         100%        8


Dungeon Overview and Level Annotations

Branches:
Dungeon (5/15)             Temple (1/1) D:4

Altars:
Ashenzari
Cheibriados
Dithmenos
Elyvilon
Fedhas
Gozag
Hepliaklqana
Kikubaaqudgha
Makhleb
Nemelex Xobeh
Okawaru
Qazlal
Ru
Sif Muna
Trog
Uskayaw
Vehumet
Wu Jian
Xom
Yredelemnul
Zin
The Shining One


Innate Abilities, Weirdness & Mutations

You are too large for most types of armour.
You have claws for hands.
Your natural rate of healing is unusually fast.
You are covered in fur. (AC +1)
You have tough skin. (AC +1)


Message History

The orc barely misses you.
You closely miss the orc.
The orc is severely wounded.
You scratch the orc.
You kill the orc!
Okawaru accepts your kill.
An iguana comes into view.
Things that are here:
a +0 flail; an orc corpse You mangle the iguana!!
You kill the iguana!
Okawaru accepts your kill.
No target in view!
No target in view!
Trog sends monsters to punish you. 3 polar bears and 3 black bears come into view.
You closely miss the black bear. You mangle the black bear!!
The black bear is heavily wounded.
The polar bear bites you but does no damage.
The polar bear barely misses you. The polar bear claws you.
The polar bear bites you! The polar bear claws you.
The polar bear claws you but does no damage.
The black bear misses you. The black bear claws you. The black bear misses you.
You gain the combat prowess of a mighty hero.
The black bear barely misses you. The black bear closely misses you.
The black bear barely misses you. The polar bear bites you.
The polar bear claws you. The polar bear barely misses you.
The polar bear bites you but does no damage.
The polar bear closely misses you. The polar bear claws you.
The black bear bites you! The black bear barely misses you. x2
Unknown command.
You mangle the black bear!!
You kill the black bear!
That felt strangely unrewarding.
The black bear closely misses you. x2
The black bear claws you. The polar bear bites you. The polar bear claws you.
* * * LOW HITPOINT WARNING * * *
The polar bear claws you but does no damage.
The polar bear bites you!!
You die...

### ..# .# # #.#
#.# #. #.# #.#
#.#@####.#
#hhhh##.## #
#h#.#.#...##.#.
#.##.#.)........
......###...##.#
###(#### ##.##
#.# #.# #.# #.#
#.# ##'## ####


You could see 3 polar bears and 2 black bears.

Vanquished Creatures
  An ice beast (D:5)
  A black bear (D:5)
  An ogre (D:3)
  Crazy Yiuf (D:2)
  6 orc priests
  2 iguanas
  Jessica (D:2)
  A sleepcap (D:4)
  3 orc wizards
  3 gnolls (D:4)
  5 adders
  3 dart slugs
  3 ribbon worms
  15 orcs
  4 bats
  6 endoplasms
  5 giant cockroaches
  12 goblins
  10 hobgoblins
  5 quokkas
  6 ball pythons
  4 frilled lizards
  6 kobolds
  3 rats
107 creatures vanquished.

Notes
Turn   | Place    | Note
-------+----------+-------------------------------------------
     0 | D:1      | Doomgape the Troll Berserker began the quest for the Orb.
     0 | D:1      | Reached XP level 1. HP: 22/22 MP: 0/0
    97 | D:1      | Reached XP level 2. HP: 22/29 MP: 1/1
   542 | D:1      | Reached XP level 3. HP: 36/36 MP: 2/2
   800 | D:2      | Noticed Jessica
   802 | D:2      | Killed Jessica
   990 | D:2      | Found a runed translucent door.
   991 | D:2      | Noticed Crazy Yiuf
   998 | D:2      | Killed Crazy Yiuf
   998 | D:2      | Reached ** piety under Trog
   999 | D:2      | Reached XP level 4. HP: 13/45 MP: 3/3
  1273 | D:2      | Reached skill level 4 in Unarmed Combat
  1482 | D:2      | Reached XP level 5. HP: 44/53 MP: 4/4
  1563 | D:3      | Noticed an ogre
  1569 | D:3      | Killed an ogre
  1570 | D:3      | Reached XP level 6. HP: 30/62 MP: 5/5
  1699 | D:3      | Found a faded altar of an unknown god.
  1717 | D:3      | Found an opulent altar of Gozag.
  1718 | D:3      | Identified the +5 quarterstaff of Valour {elec, Will+ Int+5
                  | Stlth+}
  1747 | D:3      | Found an ancient bone altar of Kikubaaqudgha.
  1854 | D:3      | Reached *** piety under Trog
  1919 | D:3      | Identified the +1 robe of Pragmatism {Int+3}
  2483 | D:4      | Found a staircase to the Ecumenical Temple.
  2498 | Temple   | Entered the Ecumenical Temple
  2535 | Temple   | Fell from the grace of Trog
  2535 | Temple   | Became a worshipper of Warmaster Okawaru
  2595 | D:4      | Reached skill level 5 in Unarmed Combat
  2720 | D:4      | Found a shadowy altar of Dithmenos.
  2793 | D:4      | Reached XP level 7. HP: 58/71 MP: 6/6
  3184 | D:5      | Entered Level 5 of the Dungeon
  3186 | D:5      | Found a bloodstained altar of Trog.
  3217 | D:5      | Reached * piety under Okawaru
  3361 | D:5      | Noticed a polar bear
  3361 | D:5      | Noticed a polar bear
  3361 | D:5      | Noticed a polar bear
  3364 | D:5      | Mangled by a polar bear

Illustrated notes

Levels and vault maps discovered:
D:1:      lemuel_arrival_tunnels, layout_loops_ring
D:2:      layout_basic, uniq_crazy_yiuf_cottage, uniq_jessica
D:3:      layout_loops_cross, mainiacjoe_overflow_large_starburst,
          shapermc_ecumenical_altar_pompeii
D:4:      layout_cave_pods, old_standard_altar, minmay_temple_entry_mist
D:5:      layout_loops_corners, mainiacjoe_overflow_cross_hatched, uniq_pikel,
          uniq_duvessa, uniq_grinder
Temple:   nicolae_temple_bog_church

Skill      XL: |  1  2  3  4  5  6 |
---------------+-------------------+-----
Fighting       | 3 4 |  4.7
Dodging        | 3 4 |  4.6
Unarmed Combat | 4 5 |  5.6

Action                     |  1- 3 |  4- 6 |  7- 9 || total
---------------------------+-------+-------+-------++-------
  Melee: Unarmed           |    67 |   155 |    45 ||   267
         Punch             |     1 |     4 |     1 ||     6
 Invoke: Heroism           |       |       |     1 ||     1
    Use: Scroll            |       |     5 |     1 ||     6
         Potion            |       |     1 |       ||     1
   Stab: Sleeping          |       |     2 |     1 ||     3
 Armour: Animal skin       |    40 |    68 |       ||   108
         Robe              |       |    69 |    33 ||   102
  Dodge: Dodged            |    15 |    87 |    25 ||   127
